 Dungeon Crawl Stone Soup version 0.30.0-30-g96aa6591b8 (webtiles) character file.

Game seed: 1391765981933162639

36 Bnni the Grasshopper (level 3, -1/28 HPs)
             Began as a Barachi Warper on June 30, 2023.
             Slain by an adder (2 damage)
             ... on level 2 of the Dungeon.
             The game lasted 00:02:26 (917 turns).

Bnni the Grasshopper (Barachi Warper)                Turns: 917, Time: 00:02:27

Health: -1/28      AC:  3    Str: 14    XL:     3   Next: 37%
Magic:  6/6        EV: 11    Int: 11    God:
Gold:   54         SH:  0    Dex: 11    Spells: 5/7 levels left

rFire   . . .        a - +0 mace
rCold   . . .        (no shield)
rNeg    . . .        b - +0 leather armour
rPois   .            (no helmet)
rElec   .            (no cloak)
rCorr   .            (no gloves)
SInv    .            (no boots)
Will    .....        (no amulet)
Stlth   +            (no ring)
HPRegen 0.24/turn    (no ring)
MPRegen 0.10/turn

%: no passive effects
@: lethally poisoned (-1 -> -7), slow
A: amphibious, slowness 1, strong legs 1, +LOS, dopey 1, noise suppression
a: Hop


You were on level 2 of the Dungeon.
You visited 1 branch of the dungeon, and saw 2 of its levels.

You collected 54 gold pieces.

Inventory:

Hand Weapons
 a - a +0 mace (weapon)
Missiles
 d - 4 boomerangs of dispersal (quivered)
Armour
 b - a +0 leather armour (worn)
Scrolls
 c - a scroll of blinking
 f - 2 scrolls of teleportation {unknown}
 h - a scroll of immolation {unknown}
Potions
 i - a potion of heal wounds {unknown}


   Skills:
 + Level 2.9 Fighting
 * Level 3.1 Maces & Flails
 - Level 1.0 Throwing
 - Level 1.2 Armour
 - Level 2.1 Dodging
 + Level 2.6 Spellcasting
 + Level 3.6 Translocations


You had 5 spell levels left.
You knew the following spells:

 Your Spells              Type           Power      Damage    Failure   Level
a - Blink                 Tloc           18%        N/A       12%         2

Your spell library contained the following spells:

 Spells                   Type           Power      Damage    Failure   Level
 Lesser Beckoning         Tloc           18%        N/A       12%         2
 Teleport Other           Tloc           9%         N/A       22%         3
 Vhi's Electric Charge    Tloc/Air       10%        N/A       43%         3
 Manifold Assault         Tloc           9%         N/A       58%         4


Dungeon Overview and Level Annotations

Branches:
Dungeon (2/15)

Altars:


Innate Abilities, Weirdness & Mutations

You are amphibious.
You cover ground slowly.
You can hop short distances.
You have an extended range of vision and can be seen from far away.
You are dopey. (Int -2)
You passively dampen the noise of your surroundings.


Message History

The adder is moderately wounded.
You feel sick. The adder bites you. The adder barely misses you.
You miss the adder.
The adder is moderately wounded.
You feel sick. The adder barely misses you.
You closely miss the adder.
The adder is moderately wounded.
You feel sick.
The adder bites you but does no damage. x2
You closely miss the adder.
The adder is moderately wounded.
You feel sick.
You are no longer poisoned.
The adder bites you.
You miss the adder.
The adder is moderately wounded.
The adder bites you but does no damage. The adder bites you.
You are poisoned.
The adder poisons you!
Throw: 6 boomerangs (disperse)
Press: ? - help, Shift-Dir - straight line, f - adder
Aim: an adder (moderately wounded, 35% to hit)
You throw a boomerang of dispersal.
The boomerang of dispersal closely misses the adder.
You feel sick. The adder closely misses you.
Throw: 5 boomerangs (disperse)
Press: ? - help, Shift-Dir - straight line, f/p - adder
Aim: an adder (moderately wounded, 35% to hit)
You throw a boomerang of dispersal.
The boomerang of dispersal closely misses the adder.
You feel sick. The adder bites you.
* * * LOW HITPOINT WARNING * * *
You are lethally poisoned!
The adder poisons you! The adder bites you.
* * * LOW HITPOINT WARNING * * *
It was a potion of mutation.
You feel extremely strange.
You feel your surroundings grow quieter.
You feel stupid.
* * * LOW HITPOINT WARNING * * *
You feel sick. The adder bites you.
You die...

############
#..........#
#.@....###.#
#.S.###.# #.#
.....#.# #.# #.#
.####...###.###.#
##..........#
#.......###.#####...
#..####.###.........
.... #......####.##
###. #####..# #.#


You could see an adder.

Vanquished Creatures
  An adder zombie (D:2)
  A dart slug (D:1)
  7 ball pythons
  3 endoplasms
  4 goblins
  2 hobgoblins
  2 quokkas (D:1)
  2 bats
  A frilled lizard (D:2)
  A jackal skeleton (D:2)
  A kobold (D:1)
  6 rats (D:1)
31 creatures vanquished.

Notes
Turn   | Place    | Note
-------+----------+-------------------------------------------
     0 | D:1      | Bnni the Barachi Warper began the quest for the Orb.
     0 | D:1      | Reached XP level 1. HP: 17/17 MP: 3/3
   127 | D:1      | Reached XP level 2. HP: 23/23 MP: 5/5
   639 | D:1      | Learned a level 2 spell: Blink
   679 | D:2      | Reached XP level 3. HP: 24/28 MP: 6/6
   917 | D:2      | Gained mutation: You passively dampen the noise of your
                  | surroundings. [potion of mutation]
   917 | D:2      | Gained mutation: You are dopey. (Int -2) [potion of
                  | mutation]
   917 | D:2      | HP: 1/28 [poisoned by an adder]
   917 | D:2      | Slain by an adder

Illustrated notes

Levels and vault maps discovered:
D:1:      nzn_arrival_depleted_hourglass, layout_rooms, minmay_small_reverse_x
D:2:      layout_loops_ring, serial_undead, serial_undead_e, serial_undead_e,
          serial_undead_a, serial_undead_b, uniq_sigmund

Skill      XL: |  1  2  3 |
---------------+----------+-----
Maces & Flails | 3 |  3.1
Fighting       | |  2.9
Throwing       | |  1.0
Armour         | |  1.2
Dodging        | |  2.1
Spellcasting   | |  2.6
Translocations | |  3.6

Action                     || total
---------------------------++-------
  Melee: Mace              ||   106
  Throw: Boomerang         ||     3
Ability: Hop               ||     1
    Use: Potion            ||     1
 Armour: Leather armour    ||    35
  Dodge: Dodged            ||    67
